 Dungeon Crawl Stone Soup version 0.21-a0-440-g28109cb (webtiles) character file.

67 Megalobster the Skirmisher (level 4, -4/40 HPs)
             Began as a Hill Orc Fighter on Nov 10, 2017.
             Slain by an orc warrior
             ... wielding a +0 trident
              (14 damage)
             ... on level 2 of the Dungeon.
             The game lasted 00:02:33 (738 turns).

Megalobster the Skirmisher (Hill Orc Fighter)        Turns: 738, Time: 00:02:35

Health: -4/40      AC:  7    Str: 19    XL:     4   Next: 18%
Magic:  4/4        EV:  7    Int:  8    God:
Gold:   51         SH:  9    Dex: 10    Spells: 3/3 levels left

rFire    . . .     SeeInvis .   a - +0 war axe
rCold    . . .     Gourm    .   c - +0 shield
rNeg     . . .     Faith    .   b - +0 scale mail
rPois    .         Spirit   .   (no helmet)
rElec    .         Reflect  .   (no cloak)
rCorr    .         Harm     .   (no gloves)
MR       .....                  (no boots)
Stlth    ..........             (no amulet)
HPRegen  0.13/turn              (no ring)
MPRegen  0.09/turn              (no ring)

@: lethally poisoned (-4 -> -15)
A: no striking features
a: no special abilities


You were on level 2 of the Dungeon.
You were not hungry.

You visited 1 branch of the dungeon, and saw 2 of its levels.

You collected 51 gold pieces.

Inventory:

Hand Weapons
 a - a +0 war axe (weapon)
Missiles
 e - 39 stones (quivered)
 i - 15 sling bullets
Armour
 b - a +0 scale mail (worn)
 c - a +0 shield (worn)
 k - a +0 chain mail
 l - a +0 chain mail
Scrolls
 j - 3 scrolls of identify {unknown}
 m - a scroll of blinking {unknown}
Potions
 d - a potion of might
 n - 2 potions of heal wounds {unknown}
Comestibles
 f - 2 bread rations
 g - 2 chunks of flesh
 h - a royal jelly


   Skills:
 + Level 4.1 Fighting
 * Level 4.0 Axes
 + Level 3.8 Armour
 + Level 3.9 Shields


You had 3 spell levels left.
You didn't know any spells.

Dungeon Overview and Level Annotations

Branches:
Dungeon (2/15)

Altars:


Message History

You are more poisoned.
You are too injured to fight recklessly!
You are too injured to fight recklessly!
You are too injured to fight recklessly!
You are too injured to fight recklessly!
You barely miss the orc.
The orc is heavily wounded.
You hit the plant. You hit the bush. You hit the bush but do no damage.
You feel sick.
The orc warrior hits you from afar with a trident.
* * * LOW HITPOINT WARNING * * *
You block the orc's attack.
You slash the orc!
You kill the orc!
Your Axes skill increases to level 4!
You hit the plant. You hit the bush. x2
* * * LOW HITPOINT WARNING * * *
You feel sick.
The orc warrior hits you from afar with a trident!
You die...

......###.. ...<#
..........# .#.#..###
..........# #.P.P....
..........##...P..P.#
..........'.P♣♣ P..#
.÷........#.P.♣ ..#
..........#P.♣♣P♣o.#
..........#P[PP♣P).#
..........##....@P.#
..........####.P##)#
........### #### #
.######## .# .# +#


You could see an orc warrior.

Vanquished Creatures
  An orc priest (D:2)
  A gnoll (D:1)
  3 leopard geckos
  An orc (D:2)
  4 bats (D:1)
  5 goblins (D:1)
  3 hobgoblins (D:1)
  A frilled lizard (D:1)
  5 kobolds (D:1)
  3 rats
  A plant (D:2)
28 creatures vanquished.

Notes
Turn   | Place    | Note
-------+----------+-------------------------------------------
     0 | D:1      | Megalobster the Hill Orc Fighter began the quest for the Orb.
     0 | D:1      | Reached XP level 1. HP: 19/19 MP: 1/1
     1 | D:1      | Noticed a minotaur skeleton
   105 | D:1      | Reached XP level 2. HP: 24/27 MP: 2/2
   235 | D:1      | Reached XP level 3. HP: 31/33 MP: 3/3
   714 | D:2      | Reached XP level 4. HP: 26/40 MP: 4/4
   733 | D:2      | Noticed an orc warrior
   738 | D:2      | Slain by an orc warrior

Vault maps used:
D:1:      shiori_arrival_whats_in_store_for_you
D:2:      lemuel_crystal_altar, serial_forest, infiniplex_forest_end_2,
          infiniplex_forest_clump_medium, infiniplex_forest_zigzag_1,
          infiniplex_forest_corner_2, infiniplex_forest_end_1, first_bread

Skill      XL: |  1  2  3  4 |
---------------+-------------+-----
Axes           | 3 4 |  4.0
Fighting       | 4 |  4.1
Armour         | |  3.8
Shields        | |  3.9

Action                   |  1- 3 |  4- 6 || total
-------------------------+-------+-------++-------
Melee: War axe           |    94 |    19 ||   113
Armor: Scale mail        |    39 |     3 ||    42
Dodge: Dodged            |    34 |     2 ||    36
Block: Shield            |    62 |     1 ||    63

Table legend:
 A = Spawn XP
 B = Non-spawn XP
 C = Spawn XP percentage of total XP
 D = Spawn monster count
 E = Non-spawn monster count
 F = Spawn count percentage of total count
 G = Total turns spent on level
                    A         B        C        D         E        F      G
               +---------+---------+-------+---------+---------+-------+---------
         Total |       0 |      97 |   0.0 |       0 |      27 |   0.0 |   738
               +---------+---------+-------+---------+---------+-------+---------
           D:1 |       0 |      49 |   0.0 |       0 |      23 |   0.0 |   616
           D:2 |       0 |      48 |   0.0 |       0 |       4 |   0.0 |   122
               +---------+---------+-------+---------+---------+-------+---------
